 Dungeon Crawl Stone Soup version 0.27.1-4-g1640c2035a (webtiles) character file.

Game seed: 2882058288415905241

33 zeram the Covered (level 3, -3/31 HPs)
             Began as a Hill Orc Fighter on Nov 18, 2021.
             Slain by a white imp (5 damage)
             ... summoned by Natasha
             ... on level 2 of the Dungeon.
             The game lasted 00:02:47 (1084 turns).

zeram the Covered (Hill Orc Fighter)                Turns: 1084, Time: 00:02:47

Health: -3/31      AC:  0    Str: 19    XL:     3   Next: 29%
Magic:  3/3        EV: 13    Int:  8    God:
Gold:   103        SH:  0    Dex: 10    Spells: 2/2 levels left

rFire    . . .     SeeInvis .   (weapon currently unavailable)
rCold    . . .     Faith    .   (shield currently unavailable)
rNeg     . . .     Spirit   .   (armour currently unavailable)
rPois    .         Reflect  .   (helmet currently unavailable)
rElec    .         Harm     .   (cloak currently unavailable)
rCorr    .         Rampage  .   (gloves currently unavailable)
Will     .....                  (boots currently unavailable)
Stlth    +.........             (no amulet)
HPRegen  0.10/turn              (ring currently unavailable)
MPRegen  0.08/turn              (ring currently unavailable)

@: pig-form, very quick
A: fast, no casting, small
a: no special abilities


You were on level 2 of the Dungeon.
You were a filthy swine.
You visited 1 branch of the dungeon, and saw 2 of its levels.

You collected 103 gold pieces.

Inventory:

Hand Weapons
 a - a +0 war axe (melded)
Armour
 b - a +0 scale mail (melded)
 c - a +0 kite shield (melded)
 f - a +0 cloak (melded)
Scrolls
 h - a scroll of amnesia
Potions
 d - a potion of might
 e - a potion of resistance


   Skills:
 - Level 3.6 Fighting
 + Level 3.4 Axes
 + Level 3.9 Armour
 + Level 3.8 Shields


You had 2 spell levels left.
You didn't know any spells.
Your spell library was empty.

Dungeon Overview and Level Annotations

Branches:
Dungeon (2/15)

Altars:

Annotations:
D:2 Natasha


Message History

Natasha wildly gestures.
You feel troubled.
Natasha zaps a wand.
You resist with significant effort. Natasha claws you.
Your shield and scale mail prevent you from hitting Natasha.
Natasha is moderately wounded.
Natasha zaps a wand.
You turn into a filthy swine.
Your +0 war axe melds into your body.
Your +0 cloak melds into your body.
Your +0 kite shield melds into your body.
Your +0 scale mail melds into your body.
You closely miss Natasha.
Natasha is moderately wounded.
Natasha barely misses you.
You hit Natasha.
Natasha is heavily wounded.
Natasha barely misses you.
You barely miss Natasha.
Natasha is heavily wounded.
Natasha misses you.
You closely miss Natasha.
Natasha is heavily wounded.
Natasha completely misses you.
You hit Natasha.
Natasha is severely wounded.
Natasha casts a spell.
You hit Natasha but do no damage.
Natasha is severely wounded.
Natasha casts a spell.
You hit Natasha but do no damage.
Natasha is severely wounded.
The white imp gestures at you. The puff of frost hits you!
Natasha stares at you and mumbles some strange words.
The magic dart hits you!
* * * LOW HITPOINT WARNING * * *
You closely miss Natasha.
Natasha is severely wounded.
The white imp hits you.
* * * LOW HITPOINT WARNING * * *
The white imp freezes you.
You die...

.. # #. .# .# #. ..# .#
#.# ...######.####.. ###
................ ....
..............#h#####....
...........##.#.h........
...........##.###5.......
...........##.##.........
...........##.##.........
..........<##..#.........
...........#.......).....
.....†.........#.........
.............#.......<...
.####.###..###...........


You could see Natasha and a white imp (summoned).

Vanquished Creatures
  2 dart slugs (D:1)
  2 bats (D:1)
  3 endoplasms (D:1)
  2 giant cockroaches (D:1)
  2 goblins (D:1)
  4 hobgoblins (D:1)
  2 kobolds (D:1)
  A quokka (D:1)
  4 ball pythons
  2 frilled lizards (D:1)
  A rat (D:1)
25 creatures vanquished.

Vanquished Creatures (others)
  A plant (D:1)
1 creature vanquished.

Grand Total: 26 creatures vanquished

Notes
Turn   | Place    | Note
-------+----------+-------------------------------------------
     0 | D:1      | zeram the Hill Orc Fighter began the quest for the Orb.
     0 | D:1      | Reached XP level 1. HP: 19/19 MP: 1/1
   249 | D:1      | Reached XP level 2. HP: 25/26 MP: 2/2
   662 | D:1      | Reached XP level 3. HP: 31/31 MP: 3/3
   827 | D:1      | Found a faded altar of an unknown god.
  1071 | D:2      | Noticed Natasha
  1084 | D:2      | Slain by a white imp

Illustrated notes

Levels and vault maps discovered:
D:1:      dpeg_arrival_erosion, layout_rooms, ebering_ecumenical_altar_rust,
          serial_bayou_ford_a
D:2:      layout_rooms, chequers_serial_rivers_room_b,
          chequers_serial_rivers_micro_a, uniq_natasha

Skill      XL: |  1  2 |
---------------+-------+-----
Axes           | 3 |  3.4
Fighting       | |  3.6
Armour         | |  3.9
Shields        | |  3.8

Action                   || total
-------------------------++-------
Melee: War axe           ||    70
       Unarmed           ||     8
  Use: Scroll            ||     3
Armor: Scale mail        ||    29
Dodge: Dodged            ||    32
Block: Kite shield       ||    34
